 Dungeon Crawl Stone Soup version 0.26-a0-52-gd53d4cd (webtiles) character file.

Game seed: 3479004142434627753

93 thirtiethelement the Shield-Bearer (level 4, -4/41 HPs)
             Began as a Gnoll Fighter on June 7, 2020.
             Killed by nerve-wracking pain
             ... invoked by Grinder
              (14 damage)
             ... on level 3 of the Dungeon.
             The game lasted 00:02:14 (1490 turns).

thirtiethelement the Shield-Bearer (Gnoll Fighter)  Turns: 1490, Time: 00:02:14

Health: -4/41      AC: 10    Str: 19    XL:     4   Next: 61%
Magic:  5/5        EV:  8    Int: 11    God:
Gold:   119        SH: 10    Dex: 14    Spells: 5/5 levels left

rFire    x . .     SeeInvis .   a - +0 war axe
rCold    + . .     Gourm    .   c - +0 kite shield
rNeg     . . .     Faith    .   b - +0 scale mail
rPois    .         Spirit   .   (no helmet)
rElec    .         Reflect  .   j - +1 cloak
rCorr    .         Harm     .   (no gloves)
MR       .....                  (no boots)
Stlth    ..........             (no amulet)
HPRegen  0.13/turn              k - ring of ice
MPRegen  0.09/turn              (no ring)

@: no status effects
A: distributed training, fangs 1, strong nose
a: no special abilities


You were on level 3 of the Dungeon.
You were hungry.

You visited 1 branch of the dungeon, and saw 3 of its levels.

You collected 119 gold pieces.

Inventory:

Hand Weapons
 a - a +0 war axe (weapon)
Armour
 b - a +0 scale mail (worn)
 c - a +0 kite shield (worn)
 j - a +1 cloak (worn)
Jewellery
 k - a ring of ice (left hand)
Scrolls
 h - a scroll of teleportation
 i - a scroll of remove curse
Potions
 d - a potion of might
 e - 3 potions of heal wounds
 g - a potion of degeneration {unknown}
Comestibles
 f - 6 rations


   Skills:
 + Level 6.6 Fighting
 + Level 1.2 Short Blades
 + Level 1.2 Long Blades
 + Level 4.6 Axes
 + Level 1.2 Maces & Flails
 + Level 1.2 Polearms
 + Level 1.2 Staves
 + Level 1.2 Slings
 + Level 1.2 Bows
 + Level 1.2 Crossbows
 + Level 1.2 Throwing
 + Level 6.6 Armour
 + Level 1.2 Dodging
 + Level 1.2 Stealth
 + Level 6.6 Shields
 + Level 1.2 Unarmed Combat
 + Level 1.2 Spellcasting
 + Level 1.0 Conjurations
 + Level 1.0 Hexes
 + Level 1.0 Charms
 + Level 1.0 Summonings
 + Level 1.0 Necromancy
 + Level 1.0 Translocations
 + Level 1.0 Transmutations
 + Level 1.0 Fire Magic
 + Level 1.0 Ice Magic
 + Level 1.0 Air Magic
 + Level 1.0 Earth Magic
 + Level 1.0 Poison Magic
 + Level 1.3 Invocations
 + Level 1.2 Evocations


You had 5 spell levels left.
You didn't know any spells.
Your spell library was empty.

Dungeon Overview and Level Annotations

Branches:
Dungeon (3/15)

Altars:
Gozag

Annotations:
D:3 Grinder


Innate Abilities, Weirdness & Mutations

Your experience applies equally to all skills.
You have very sharp teeth.
Your uncanny sense of smell can sniff out nearby items.


Message History

Grinder drinks a potion.
Grinder is healed!
You closely miss Grinder.
Grinder is heavily wounded.
Grinder hits you but does no damage. Grinder hits you!
* * * LOW HITPOINT WARNING * * *
You hit Grinder but do no damage.
Grinder is heavily wounded.
Grinder barely misses you.
Your shield and scale mail prevent you from hitting Grinder.
Grinder is heavily wounded.
Grinder blinks!
You block Grinder's attack.
You slash Grinder!
Grinder is severely wounded.
Grinder hits you but does no damage.
You closely miss Grinder.
Grinder is severely wounded.
Grinder gestures at you. Pain shoots through your body!
You die...

.... #........# ....
#...#.....
.....##...#.....
.....#.........#
.............>.+
...............# .
..........#....# ..
......5@..#....##...
.#..)...........%...
#..................
#..................
#.....##...<.......
#####. #...........
#+ #...........
..#.........!
....#..........


You could see Grinder.

Vanquished Creatures
  A hound (D:3)
  An adder (D:2)
  An ooze (D:2)
  A worm (D:2)
  A dart slug (D:1)
  A leopard gecko (D:2)
  7 bats
  3 giant cockroaches
  7 goblins
  5 hobgoblins (D:1)
  3 kobolds
  2 quokkas (D:2)
  A ball python (D:1)
  3 frilled lizards (D:1)
  6 rats
43 creatures vanquished.

Notes
Turn   | Place    | Note
-------+----------+-------------------------------------------
     0 | D:1      | thirtiethelement the Gnoll Fighter began the quest for the
                  | Orb.
     0 | D:1      | Reached XP level 1. HP: 23/23 MP: 1/1
   140 | D:1      | Reached XP level 2. HP: 27/29 MP: 2/2
   486 | D:1      | Reached XP level 3. HP: 31/35 MP: 3/3
   806 | D:2      | Reached skill level 1 in Invocations
   817 | D:2      | Found an opulent altar of Gozag.
  1235 | D:2      | Reached skill level 1 in Short Blades
  1235 | D:2      | Reached skill level 1 in Long Blades
  1235 | D:2      | Reached skill level 1 in Maces & Flails
  1235 | D:2      | Reached skill level 1 in Polearms
  1235 | D:2      | Reached skill level 1 in Staves
  1235 | D:2      | Reached skill level 1 in Slings
  1235 | D:2      | Reached skill level 1 in Bows
  1235 | D:2      | Reached skill level 1 in Crossbows
  1235 | D:2      | Reached skill level 1 in Throwing
  1235 | D:2      | Reached skill level 1 in Dodging
  1235 | D:2      | Reached skill level 1 in Stealth
  1235 | D:2      | Reached skill level 1 in Unarmed Combat
  1235 | D:2      | Reached skill level 1 in Spellcasting
  1235 | D:2      | Reached skill level 1 in Evocations
  1235 | D:2      | Reached XP level 4. HP: 36/41 MP: 5/5
  1474 | D:3      | Noticed Grinder
  1480 | D:3      | Reached skill level 1 in Conjurations
  1480 | D:3      | Reached skill level 1 in Hexes
  1480 | D:3      | Reached skill level 1 in Charms
  1480 | D:3      | Reached skill level 1 in Summonings
  1480 | D:3      | Reached skill level 1 in Necromancy
  1480 | D:3      | Reached skill level 1 in Translocations
  1480 | D:3      | Reached skill level 1 in Transmutations
  1480 | D:3      | Reached skill level 1 in Fire Magic
  1480 | D:3      | Reached skill level 1 in Ice Magic
  1480 | D:3      | Reached skill level 1 in Air Magic
  1480 | D:3      | Reached skill level 1 in Earth Magic
  1480 | D:3      | Reached skill level 1 in Poison Magic
  1490 | D:3      | Killed from afar by Grinder

Illustrated notes

Levels and vault maps discovered:
D:1:      dpeg_arrival_orchard, layout_loops_ring, st_stairs_6
D:2:      layout_basic, nicolae_gozag_cash_rules_everything_around_me,
          first_ration, grunt_decor_fettered
D:3:      layout_basic, minivault_19, uniq_grinder

Skill      XL: |  1  2  3  4 |
---------------+-------------+-----
Invocations    | 1 |  1.3
Short Blades   | 1 |  1.2
Long Blades    | 1 |  1.2
Maces & Flails | 1 |  1.2
Polearms       | 1 |  1.2
Staves         | 1 |  1.2
Slings         | 1 |  1.2
Bows           | 1 |  1.2
Crossbows      | 1 |  1.2
Throwing       | 1 |  1.2
Dodging        | 1 |  1.2
Stealth        | 1 |  1.2
Unarmed Combat | 1 |  1.2
Spellcasting   | 1 |  1.2
Evocations     | 1 |  1.2
Conjurations   | 1 |  1.0
Hexes          | 1 |  1.0
Charms         | 1 |  1.0
Summonings     | 1 |  1.0
Necromancy     | 1 |  1.0
Translocations | 1 |  1.0
Transmutations | 1 |  1.0
Fire Magic     | 1 |  1.0
Ice Magic      | 1 |  1.0
Air Magic      | 1 |  1.0
Earth Magic    | 1 |  1.0
Poison Magic   | 1 |  1.0
Fighting       | |  6.6
Axes           | |  4.6
Armour         | |  6.6
Shields        | |  6.6

Action                   |  1- 3 |  4- 6 || total
-------------------------+-------+-------++-------
Melee: War axe           |    85 |    12 ||    97
       Bite              |    11 |     1 ||    12
  Use: Scroll            |     5 |       ||     5
  Eat: Chunk             |     1 |       ||     1
Armor: Scale mail        |    34 |     4 ||    38
Dodge: Dodged            |    25 |     4 ||    29
Block: Kite shield       |    58 |     3 ||    61

Table legend:
 A = Non-vault XP
 B = Vault XP
 C = Vault XP percentage of total XP
 D = Non-vault monster count
 E = Vault monster count
 F = Vault count percentage of total count
                 A         B        C        D         E       F
            +---------+---------+-------+---------+---------+-------
      Total |     131 |       2 |   1.5 |      42 |       1 |   2.3
            +---------+---------+-------+---------+---------+-------
        D:1 |      44 |       2 |   4.3 |      27 |       1 |   3.6
        D:2 |      44 |       0 |   0.0 |      14 |       0 |   0.0
        D:3 |      43 |       0 |   0.0 |       1 |       0 |   0.0
            +---------+---------+-------+---------+---------+-------
